 Dungeon Crawl Stone Soup version 0.18-a0-1637-g109f206 (webtiles) character file.

279 4thArraOfDagon the Chopper (level 6, 0/50 HPs)
             Began as a Naga Chaos Knight on Mar 26, 2016.
             Slain by an orc
             ... wielding a +0 whip
              (2 damage)
             ... on level 5 of the Dungeon.
             The game lasted 00:05:10 (651 turns).

4thArraOfDagon the Chopper (Naga Chaos Knight)       Turns: 651, Time: 00:05:11

Health: 0/50       AC:  5    Str: 14    XL:     6   Next: 26%
Magic:  6/6        EV: 10    Int: 14    God:    Xom [*.....]
Gold:   75         SH:  0    Dex: 11    Spells: 0 memorised, 5 levels left

rFire  . . .     SeeInvis +     a - +0 hand axe (chaos)
rCold  . . .     Gourm    .     b - +2 leather armour
rNeg   . . .     Faith    .     (no shield)
rPois  +         Spirit   .     (no helmet)
rElec  .         Dismiss  .     (no cloak)
rCorr  .         Reflect  .     (no gloves)
SustAt .         Harm     .     (no barding)
MR     .....                    (no amulet)
Stlth  +.........               (no ring)
                                (no ring)

@: slowed, very slow, not resistant to hostile enchantments, very unstealthy
A: see invisible, deformed body, frail 1, poison resistance, slowness 2, slow
metabolism 1, spit poison 2, AC +2
a: Spit Poison, Renounce Religion


You were on level 5 of the Dungeon.
You worshipped Xom.
You were a special plaything of Xom.
You were hungry.

You visited 1 branch of the dungeon, and saw 5 of its levels.

You collected 75 gold pieces.

Inventory:

Hand Weapons
 a - a +0 hand axe of chaos (weapon)
 l - a +0 war axe
Armour
 b - a +2 leather armour (worn)
 e - a +0 ring mail
Comestibles
 c - a bread ration
 f - a slice of pizza
 i - a meat ration


   Skills:
 - Level 3.0 Fighting
 * Level 5.3 Axes
 + Level 2.8 Armour
 + Level 2.3 Dodging


You had 5 spell levels left.
You didn't know any spells.

Dungeon Overview and Level Annotations

Branches:
Dungeon (5/15)
 Temple: D:4-7

Altars:

Annotations:
D:4 Menkaure, Robin


Innate Abilities, Weirdness & Mutations

You cannot wear boots.
Your serpentine skin is tough (AC +2).
You have supernaturally acute eyesight.
Armour fits poorly on your strangely shaped body.
Your system is resistant to poisons.
You cover ground very slowly.
You have a slow metabolism.
You can spit poison.
You are frail (-10% HP).


Message History

Unknown command.
Unknown command.
The orc wizard points at you and mumbles some strange words.
You feel yourself slow down.
Unknown command.
Unknown command.
Unknown command.
You have got your breath back.
The orc hits you with a whip.
* * * LOW HITPOINT WARNING * * *
Unknown command.
Unknown command.
Unknown command.
Unknown command.
The orc closely misses you. The orc hits you but does no damage. x2
Unknown command.
Unknown command.
Unknown command.
The orc hits you but does no damage. The orc hits you with a whip.
You die...

#..........
..#.......# #.o......
###.......# ####
..........# .....
##........#####......
#........##.o@.......
#.......ooo.o###.....
.......(###### ...
........(.### .
.#.....o....#
#...........#
............#
............#
............#


You could see an orc wizard and 4 orcs.

Vanquished Creatures
  2 scorpions
  3 adders
  A worm (D:4)
  2 giant geckos
  An orc (D:3)
  A ball python (D:4)
  3 goblins
  5 hobgoblins
  A jackal (D:4)
  A quokka (D:3)
  4 bats
  5 giant newts
  3 kobolds
  5 rats
37 creatures vanquished.

Vanquished Creatures (collateral kills)
  Grinder (D:4)
  An adder (D:4)
  4 orcs (D:4)
  3 jackals (D:4)
9 creatures vanquished.

Grand Total: 46 creatures vanquished

Notes
Turn   | Place    | Note
--------------------------------------------------------------
     0 | D:1      | 4thArraOfDagon the Naga Chaos Knight began the quest for the Orb.
     0 | D:1      | Reached XP level 1. HP: 21/21 MP: 1/1
    47 | D:1      | XOM: silly message
    60 | D:1      | Reached XP level 2. HP: 26/28 MP: 2/2
   198 | D:2      | Reached skill level 1 in Dodging
   245 | D:2      | Reached XP level 3. HP: 27/34 MP: 3/3
   261 | D:2      | XOM is BORED!
   261 | D:2      | XOM: mild Necr miscast
   411 | D:3      | XOM: give mutations
   411 | D:3      | Gained mutation: You are frail (-10% HP). [Xom's mischief]
   419 | D:3      | 3 bad actions in row
   419 | D:3      | despite high piety
   462 | D:5      | Entered Level 5 of the Dungeon
   471 | D:5      | Noticed a scorpion
   473 | D:5      | XOM: butterfly on damage
   475 | D:5      | Killed a scorpion
   475 | D:5      | Reached skill level 4 in Axes
   475 | D:5      | Reached XP level 4. HP: 20/37 MP: 4/4
   533 | D:4      | Noticed Menkaure
   559 | D:4      | XOM: silly message
   568 | D:4      | Reached XP level 5. HP: 11/44 MP: 5/5
   584 | D:4      | Noticed Grinder
   598 | D:4      | Paralysed by Grinder for 2 turns
   603 | D:4      | Paralysed by Grinder for 5 turns
   606 | D:4      | XOM: summons 5 friendly demons
   613 | D:4      | Killed Grinder
   613 | D:4      | Reached skill level 5 in Axes
   613 | D:4      | Reached XP level 6. HP: 9/50 MP: 6/6
   636 | D:4      | Noticed Robin
   642 | D:5      | XOM: 3-stop teleportation journey
   649 | D:5      | HP: 1/50 [orc/whip (6)]
   651 | D:5      | Slain by an orc

Vault maps used:
D:1:      lemuel_arrival_lava_pool
D:2:      grunt_ministairs_4
D:3:      lemuel_coloured_pillars_altar, grunt_qazlal_sundering
D:4:      black_bear_nest_2, uniq_sigmund, uniq_robin, uniq_menkaure,
          uniq_grinder, uniq_blork_the_orc
D:5:      minmay_temple_entry_glassed_door, first_bread, hangedman_decor_points

Skill      XL: |  1  2  3  4  5 |
---------------+----------------+-----
Dodging        | 1 2 |  2.3
Armour         | 2 |  2.8
Axes           | 4 5 |  5.3
Fighting       | |  3.0

Action                   |  1- 3 |  4- 6 || total
-------------------------+-------+-------++-------
Melee: Hand axe          |    42 |     7 ||    49
 Abil: Spit Poison       |    21 |     9 ||    30
  Use: Scroll            |     3 |     3 ||     6
       Potion            |       |     1 ||     1
